Map: Emerald City LE

Players

Drumsing

  • Race: Protoss Protoss
  • Spawn Location: 11:00

Shomethemone

  • Race: Protoss Protoss
  • Spawn Location: 11:00

Throwfordays - Winner!

  • Race: Protoss Protoss
  • League: Silver
  • Spawn Location: 5:00

Faust - Winner!

  • Race: Zerg Zerg
  • League: Diamond
  • Spawn Location: 5:00

VOD

Have the link to the VOD?

Description

Time

  • Played on: March 11, 2019, 10:48 p.m.
  • Length: 18:42
Show
View Real Time Build Order
Export as new Build Order

Drumsing Protoss 

Build Orders: Carriers 

Get SALT Encoding   

  12  0:01  Probe  
  13  0:13  Probe  
  14  0:20  Pylon  
  14  0:31  Probe  
  15  0:36  Assimilator  
  15  0:45  Gateway  
  15  0:53  Assimilator  
  15  0:59  Probe  
  16  1:07  Probe  
  16  1:17  Probe  
  18  1:27  Probe  
  19  1:32  Cybernetics Core  
  19  1:35  Probe  
  20  1:43  Probe  
  21  1:55  Probe  
  22  2:08  Probe  
  23  2:22  Stargate  
  23  2:27  Pylon  
  23  2:45  Probe  
  23  2:48  Stargate  
  24  2:57  Probe  
  25  3:04  Pylon  
  25  3:09  Probe  
  26  3:24  Void Ray  
  30  3:39  Stalker  
  32  4:06  Protoss Air Weapons Level 1, Nexus  
  32  4:09  Void Ray  
  36  4:31  Pylon  
  36  4:34  Assimilator  
  36  4:37  Stalker  
  38  4:39  Void Ray  
  42  4:54  Pylon  
  42  5:11  Stalker  
  44  5:19  Assimilator, Probe x2  
  46  5:31  Probe x2  
  48  5:37  Fleet Beacon  
  48  5:43  Probe x2  
  50  5:50  Stargate  
  50  5:51  Protoss Air Armor Level 1  
  50  5:55  Probe x2  
  52  6:07  Probe x2  
  54  6:19  Probe  
  54  6:20  Probe  
  56  6:31  Probe  
  56  6:32  Probe  
  54  6:40  Carrier  
  54  6:43  Carrier  
  54  6:44  Probe x2  
  60  7:05  Zealot  
  62  7:09  Carrier  
  62  7:10  Probe  
  63  7:22  Probe  
  70  7:38  Pylon  
  70  7:39  Pylon  
  70  7:40  Protoss Air Weapons Level 2  
  70  7:42  Pylon  
  70  7:45  Pylon  
  70  7:56  Zealot  
  60  8:20  Carrier x2  
  72  8:33  Phoenix  
  74  8:58  Tempest  
  79  9:10  Nexus  
  79  9:12  Pylon  
  79  9:16  Pylon  
  79  9:21  Gateway  
  79  9:24  Gateway  
  79  9:26  Gateway  
  79  9:33  Stalker  
  67  9:57  Carrier x2  
  79  10:04  Warp Gate  
  81  10:08  Assimilator  
  79  10:40  Probe  
  80  10:48  Carrier, Probe  
  81  10:52  Probe, Carrier  
  81  10:55  Pylon x2  
  82  10:58  Pylon  
  82  10:59  Pylon  
  82  11:00  Probe  
  95  11:05  Probe  
  96  11:11  Cybernetics Core  
  96  11:12  Probe, Protoss Air Armor Level 2  
  96  11:17  Probe  
  98  11:24  Probe  
  99  11:29  Probe  
  99  11:31  Protoss Air Weapons Level 3  
  100  11:34  Carrier  
  100  11:36  Probe  
  100  11:39  Assimilator  
  107  11:41  Probe  
  108  11:48  Carrier  
  108  11:53  Probe  
  115  12:01  Stalker x3  
  114  12:02  Stalker  
  114  12:15  Probe  
  115  12:28  Probe  
  116  12:31  Carrier x2  
  128  13:09  Carrier  
  128  13:14  Stalker x3  
  128  13:15  Stalker  
  142  13:39  Stalker  
  133  14:10  Protoss Air Armor Level 3  
  103  14:20  Stalker  
  103  14:21  Stalker x3  
  85  14:47  Pylon  
  83  15:06  Carrier  
  83  15:13  Carrier  
  83  15:21  Nexus  
  89  15:30  Stalker  
  89  15:31  Stalker  
  93  15:36  Carrier  
  91  15:47  Pylon  
  89  15:54  Pylon  
  89  15:55  Pylon  
  89  16:01  Pylon, Carrier  
  89  16:07  Carrier  
  95  16:15  Pylon  
  101  16:30  Carrier  
  98  17:00  Phoenix  
  92  17:03  Phoenix  
  92  17:06  Stalker x2  
  90  17:14  Stalker x2  
  94  17:23  Phoenix  
  96  17:32  Stalker x2  
  94  17:47  Stalker  
  94  17:48  Stalker  
  94  17:50  Phoenix x2  
  92  18:05  Stalker x2  
Show
View Real Time Build Order
Export as new Build Order

Shomethemone Protoss 

Build Orders:  

Get SALT Encoding   

  1  0:00  Probe  
  12  0:05  Probe  
  14  0:22  Pylon  
  14  0:26  Probe  
  15  0:40  Probe  
  16  0:52  Probe  
  17  1:03  Assimilator, Gateway  
  17  1:04  Probe  
  17  1:06  Pylon  
  18  1:13  Assimilator  
  18  1:14  Probe  
  19  1:22  Probe  
  19  1:29  Forge  
  20  1:34  Pylon  
  20  1:40  Pylon  
  20  1:46  Probe  
  21  1:51  Cybernetics Core  
  21  2:00  Probe  
  22  2:12  Probe  
  22  2:15  Photon Cannon  
  23  2:29  Photon Cannon  
  23  2:32  Photon Cannon  
  23  2:46  Zealot  
  25  2:52  Shield Battery  
  24  3:15  Probe  
  25  3:27  Probe  
  26  3:41  Gateway  
  26  4:00  Gateway  
  26  4:05  Photon Cannon  
  26  4:08  Shield Battery  
  26  4:13  Zealot  
  28  4:17  Shield Battery  
  28  4:18  Protoss Ground Weapons Level 1  
  28  4:19  Probe  
  29  4:44  Warp Gate  
  29  4:50  Probe  
  30  4:55  Nexus  
  30  5:00  Pylon  
  30  5:05  Probe  
  31  5:10  Pylon  
  31  5:17  Zealot  
  33  5:22  Pylon, Probe  
  34  5:30  Probe  
  34  5:34  Assimilator  
  35  5:38  Assimilator  
  35  5:44  Twilight Council  
  35  5:45  Probe  
  36  5:56  Photon Cannon  
  36  6:05  Probe  
  36  6:06  Photon Cannon  
  37  6:16  Probe  
  37  6:17  Probe  
  39  6:28  Probe x2  
  41  6:35  Zealot  
  41  6:37  Photon Cannon  
  41  6:39  Probe  
  43  6:44  Gateway  
  44  6:47  Probe  
  44  6:50  Gateway  
  45  6:56  Pylon  
  45  7:05  Gateway  
  45  7:08  Pylon, Probe  
  45  7:12  Charge  
  46  7:19  Dark Shrine  
  46  7:21  Probe  
  47  7:24  Pylon  
  47  7:27  Pylon, Probe  
  47  7:35  Probe  
  47  7:36  Stalker  
  50  7:41  Probe  
  52  7:53  Probe  
  52  7:54  Stalker, Robotics Facility  
  55  8:05  Probe  
  55  8:09  Stalker x2  
  55  8:10  Stalker x2  
  64  8:24  Stalker  
  64  8:25  Stalker  
  68  8:36  Stalker  
  68  8:37  Stalker  
  72  8:42  Immortal  
  76  9:07  Nexus, Gateway  
  76  9:10  Gateway  
  76  9:11  Gateway  
  76  9:14  Pylon  
  76  9:17  Pylon  
  76  9:18  Probe  
  77  9:25  Photon Cannon  
  77  9:30  Probe  
  78  9:38  Stalker x3  
  82  9:42  Probe  
  85  10:04  Stalker  
  85  10:05  Stalker  
  85  10:07  Immortal  
  93  10:09  Stalker x2  
  97  10:15  Probe  
  97  10:16  Assimilator  
  97  10:20  Assimilator  
  98  10:23  Pylon, Probe  
  98  10:27  Pylon  
  99  10:33  Probe  
  99  10:39  Probe x2  
  102  10:45  Probe  
  103  10:51  Probe  
  103  10:53  Photon Cannon  
  103  10:55  Photon Cannon  
  104  10:57  Shield Battery  
  104  10:58  Probe  
  104  10:59  Shield Battery  
  104  11:02  Stalker x2  
  109  11:06  Probe  
  110  11:12  Immortal  
  110  11:18  Probe  
  113  11:19  Shield Battery  
  113  11:22  Shield Battery  
  113  11:30  Zealot  
  115  11:38  Pylon  
  115  11:39  Pylon  
  115  11:42  Pylon  
  115  11:50  Probe  
  115  11:52  Immortal  
  120  11:55  Probe  
  120  11:56  Probe  
  120  11:58  Probe  
  122  12:02  Stalker x5  
  122  12:04  Stalker  
  122  12:06  Probe  
  136  12:21  Probe  
  136  12:22  Nexus, Probe  
  138  12:26  Stalker  
  140  12:32  Immortal  
  140  12:33  Probe  
  140  12:37  Shield Battery  
  145  12:39  Shield Battery  
  145  12:43  Shield Battery  
  145  12:45  Probe  
  145  12:47  Shield Battery  
  145  12:48  Pylon  
  145  12:50  Photon Cannon  
  146  12:53  Photon Cannon  
  146  12:57  Probe  
  147  13:05  Dark Templar  
  149  13:06  Dark Templar  
  149  13:08  Zealot  
  149  13:11  Immortal  
  149  13:12  Dark Templar  
  159  13:15  Dark Templar  
  159  13:17  Probe  
  162  13:24  Probe x2  
  164  13:27  Pylon  
  164  13:29  Probe  
  164  13:30  Probe  
  164  13:31  Pylon  
  165  13:36  Probe  
  165  13:38  Probe  
  165  13:41  Probe  
  168  13:48  Probe x3  
  171  13:53  Probe  
  169  13:58  Stalker  
  169  13:59  Stalker  
  169  14:00  Stalker x3, Probe x3  
  169  14:01  Stalker  
  159  14:05  Probe  
  159  14:06  Stalker x2  
  159  14:07  Stalker  
  159  14:08  Stalker  
  140  14:10  Zealot, Stalker  
  140  14:11  Zealot x2  
  140  14:12  Probe  
  140  14:15  Dark Templar  
  147  14:24  Probe  
  147  14:27  Assimilator  
  147  14:31  Stalker x3  
  144  14:32  Assimilator, Stalker  
  144  14:37  Stalker x2, Probe  
  144  14:38  Stalker x2  
  139  14:39  Stalker x2  
  139  14:42  Stalker x2  
  145  14:49  Probe  
  146  14:58  Nexus  
  142  15:01  Probe  
  142  15:02  Pylon  
  142  15:04  Pylon  
  142  15:05  Stalker x3  
  142  15:06  Stalker x2  
  142  15:07  Stalker x3  
  149  15:13  Forge  
  147  15:17  Forge, Probe  
  148  15:27  Pylon  
  148  15:29  Probe  
  148  15:30  Protoss Ground Weapons Level 2  
  149  15:35  Protoss Ground Armor Level 1  
  149  15:36  Stalker x2  
  149  15:37  Stalker x2  
  149  15:38  Stalker x2  
  159  15:56  Probe  
  154  16:08  Nexus  
  154  16:09  Stalker  
  154  16:10  Stalker  
  155  16:13  Stalker  
  152  16:20  Stalker x2  
  135  16:26  Pylon  
  82  16:59  Stalker  
  82  17:00  Zealot  
  82  17:01  Dark Templar x2  
  88  17:02  Zealot x2  
  88  17:03  Dark Templar  
  88  17:04  Zealot  
  42  17:57  Stalker  
Show
View Real Time Build Order
Export as new Build Order

Throwfordays Protoss - Winner!

Build Orders: Nexus First 

Get SALT Encoding   

  1  0:00  Probe  
  13  0:07  Probe  
  14  0:15  Probe  
  15  0:46  Nexus  
  15  0:51  Pylon  
  15  1:09  Probe  
  16  1:16  Gateway  
  16  1:21  Probe  
  16  1:23  Gateway  
  17  1:33  Probe  
  17  1:35  Assimilator  
  18  1:45  Probe  
  18  1:46  Forge  
  19  1:58  Pylon  
  19  2:09  Cybernetics Core  
  19  2:27  Photon Cannon  
  19  2:29  Pylon  
  19  2:32  Photon Cannon  
  19  2:38  Probe  
  20  2:46  Probe  
  21  2:56  Probe  
  22  3:08  Probe  
  23  3:20  Probe  
  24  3:28  Probe  
  24  3:29  Pylon  
  24  3:32  Probe  
  26  3:35  Warp Gate  
  26  3:36  Probe  
  26  3:38  Photon Cannon  
  26  3:39  Photon Cannon  
  27  3:44  Probe  
  27  3:46  Probe  
  27  3:47  Assimilator  
  28  3:52  Assimilator  
  28  3:54  Probe  
  29  3:58  Probe  
  29  4:00  Assimilator  
  31  4:03  Probe  
  32  4:10  Probe  
  32  4:11  Probe  
  34  4:17  Pylon  
  34  4:23  Pylon, Probe  
  35  4:35  Probe  
  35  4:37  Photon Cannon  
  36  4:39  Photon Cannon  
  36  4:42  Photon Cannon  
  36  4:44  Photon Cannon  
  36  4:47  Probe  
  37  4:59  Probe  
  38  5:00  Photon Cannon  
  38  5:02  Photon Cannon  
  38  5:06  Photon Cannon  
  38  5:09  Photon Cannon, Probe  
  38  5:12  Probe  
  40  5:17  Probe  
  41  5:25  Probe  
  41  5:27  Probe  
  42  5:29  Protoss Shields Level 1  
  42  5:34  Pylon  
  43  5:36  Pylon  
  43  5:37  Probe  
  43  5:38  Stalker  
  43  5:39  Stalker  
  43  5:40  Pylon  
  48  5:43  Pylon  
  48  5:49  Probe  
  49  6:01  Probe  
  50  6:11  Nexus  
  50  6:13  Stargate  
  50  6:14  Pylon, Probe  
  50  6:17  Pylon, Stargate  
  51  6:21  Stalker  
  51  6:23  Stalker  
  55  6:55  Photon Cannon  
  55  6:58  Photon Cannon  
  55  6:59  Probe  
  55  7:01  Photon Cannon  
  55  7:04  Photon Cannon, Probe  
  55  7:06  Assimilator  
  55  7:07  Probe  
  57  7:09  Assimilator  
  57  7:12  Protoss Air Weapons Level 1, Probe  
  58  7:15  Cybernetics Core  
  58  7:17  Probe  
  58  7:21  Probe  
  58  7:22  Twilight Council  
  60  7:29  Probe  
  62  7:31  Fleet Beacon  
  62  7:34  Probe  
  63  7:40  Probe  
  63  7:41  Probe  
  65  7:46  Probe  
  65  7:48  Probe  
  65  7:51  Protoss Shields Level 2  
  66  7:53  Stargate, Probe  
  66  7:56  Stargate  
  66  7:58  Probe x2  
  70  8:05  Probe  
  70  8:08  Protoss Air Armor Level 1  
  70  8:10  Probe  
  70  8:11  Probe  
  73  8:17  Probe  
  74  8:22  Probe  
  74  8:24  Probe  
  76  8:28  Void Ray  
  76  8:30  Probe  
  81  8:34  Probe  
  81  8:37  Void Ray  
  81  8:41  Void Ray  
  90  8:46  Void Ray  
  94  8:50  Nexus  
  94  8:52  Pylon  
  94  8:58  Assimilator  
  94  9:03  Assimilator  
  94  9:14  Probe  
  95  9:20  Probe  
  96  9:26  Probe x2  
  96  9:29  Void Ray  
  96  9:30  Void Ray x2  
  110  9:32  Probe  
  110  9:33  Void Ray  
  110  9:36  Protoss Air Weapons Level 2  
  110  9:38  Pylon  
  115  9:39  Probe x2  
  115  9:40  Pylon  
  115  9:42  Pylon  
  115  9:44  Probe  
  118  9:51  Probe x2  
  120  9:54  Protoss Shields Level 3  
  120  9:56  Probe  
  121  10:03  Probe x2  
  123  10:08  Probe  
  123  10:10  Protoss Air Armor Level 2  
  123  10:12  Void Ray  
  123  10:13  Void Ray x2  
  136  10:15  Probe  
  136  10:16  Void Ray  
  141  10:34  Mothership  
  149  10:58  Tempest  
  149  11:00  Tempest  
  159  11:07  Tempest  
  164  11:15  Tempest  
  169  11:20  Pylon  
  169  11:21  Pylon  
  169  11:23  Pylon  
  169  11:25  Pylon  
  169  11:28  Robotics Facility  
  169  11:43  Tempest  
  169  11:44  Tempest  
  179  11:50  Tempest  
  184  11:58  Tempest  
  189  12:11  Protoss Air Weapons Level 3  
  189  12:26  Tempest  
  189  12:27  Tempest  
  199  12:36  Protoss Air Armor Level 3  
  143  15:16  Void Ray x4  
  143  15:19  Mothership  
  149  15:59  Void Ray x4  
  165  16:41  Void Ray  
  164  17:18  Void Ray x3  
  176  17:24  Void Ray  
  191  18:27  Stalker x2  
Show
View Real Time Build Order
Export as new Build Order

Faust Zerg - Winner!

Build Orders: Hatch First 

Get SALT Encoding   

  12  0:01  Drone  
  13  0:08  Drone  
  14  0:17  Extractor  
  14  0:18  Drone  
  15  0:22  Overlord  
  15  0:42  Drone x2  
  17  0:53  Hatchery  
  16  0:57  Drone  
  17  1:04  Extractor  
  17  1:05  Drone  
  17  1:25  Spawning Pool  
  16  1:30  Drone  
  17  1:35  Drone  
  17  1:36  Drone  
  19  1:52  Overlord  
  19  2:12  Queen x2  
  19  2:13  Zergling x4  
  25  2:16  Zergling x2  
  25  2:22  Metabolic Boost  
  26  2:25  Drone  
  26  2:29  Drone  
  28  2:32  Drone  
  29  2:40  Drone x2  
  29  2:42  Drone  
  32  2:48  Drone  
  33  3:03  Drone x3  
  36  3:08  Lair  
  36  3:21  Hatchery  
  36  3:25  Drone  
  36  3:28  Overlord x2  
  36  3:36  Extractor  
  32  3:56  Drone x7  
  32  3:59  Drone x3  
  42  4:10  Drone x3  
  42  4:11  Drone  
  46  4:18  Extractor  
  46  4:19  Queen  
  46  4:20  Extractor  
  46  4:24  Spire  
  46  4:26  Drone x3  
  46  4:27  Drone x2  
  50  4:34  Queen  
  50  4:36  Overlord  
  52  4:43  Overlord  
  52  4:44  Overlord  
  52  4:46  Drone  
  52  4:50  Drone x4  
  57  4:53  Spore Crawler  
  57  4:57  Spore Crawler  
  55  5:04  Drone x5  
  60  5:08  Spine Crawler  
  60  5:12  Spore Crawler  
  58  5:16  Spore Crawler  
  58  5:17  Drone x2  
  58  5:18  Drone  
  58  5:20  Drone  
  58  5:21  Drone  
  62  5:37  Mutalisk x2  
  62  5:38  Mutalisk x4  
  62  5:42  Overlord  
  74  5:47  Extractor x2  
  72  5:51  Drone x3  
  72  5:52  Drone x3  
  72  5:54  Drone x2  
  80  6:16  Drone x3  
  80  6:17  Mutalisk x3  
  89  6:19  Overlord x3  
  89  6:29  Zerg Flyer Weapons Level 1  
  89  6:35  Evolution Chamber  
  89  6:38  Evolution Chamber  
  87  6:49  Drone x3  
  90  6:58  Mutalisk x5  
  90  6:59  Mutalisk x2  
  104  7:04  Overlord x3  
  104  7:07  Spore Crawler  
  103  7:10  Spore Crawler  
  102  7:16  Hatchery  
  102  7:17  Zerg Melee Weapons Level 1  
  102  7:18  Zerg Ground Armor Level 1  
  102  7:21  Infestation Pit  
  100  7:28  Drone x5  
  100  7:29  Drone x3  
  108  7:47  Drone x3  
  108  7:50  Drone x5  
  108  7:51  Drone x3  
  119  7:53  Extractor  
  119  7:54  Extractor  
  109  8:20  Mutalisk x6  
  109  8:21  Mutalisk x3  
  109  8:22  Mutalisk x2  
  131  8:31  Mutalisk x2  
  135  8:38  Drone x4  
  135  8:39  Drone  
  140  8:42  Spore Crawler  
  140  8:43  Spore Crawler  
  138  8:55  Drone x3  
  139  8:56  Drone x2, Overlord x3  
  139  9:01  Hatchery  
  142  9:15  Zerg Melee Weapons Level 2, Zerg Ground Armor Level 2  
  142  9:21  Hive  
  142  9:22  Pneumatized Carapace  
  100  9:53  Mutalisk  
  100  9:54  Mutalisk  
  100  9:55  Mutalisk x8  
  118  10:06  Zergling x6  
  118  10:07  Zergling x28  
  135  10:16  Drone  
  135  10:17  Drone  
  137  10:32  Zerg Flyer Weapons Level 2  
  137  10:37  Drone x4, Spire  
  137  10:38  Drone x8  
  137  10:39  Drone x2  
  137  10:40  Drone  
  151  10:48  Mutalisk x7  
  165  10:50  Mutalisk  
  165  10:55  Drone  
  165  10:56  Drone x6  
  174  10:58  Extractor, Drone  
  174  10:59  Extractor  
  174  11:00  Drone, Overlord x3  
  174  11:10  Spine Crawler  
  169  11:23  Adrenal Glands  
  169  11:24  Baneling Nest  
  168  11:29  Ultralisk Cavern  
  167  11:33  Zergling x2  
  167  11:34  Zergling x32  
  184  11:41  Zerg Ground Armor Level 3, Zerg Melee Weapons Level 3  
  148  12:17  Drone x2  
  148  12:18  Drone  
  148  12:19  Drone  
  148  12:22  Corruptor x11  
  154  12:24  Zergling x4  
  154  12:25  Zergling x8  
  154  12:29  Queen  
  182  12:49  Corruptor  
  182  12:50  Corruptor x6  
  196  13:04  Zerg Flyer Weapons Level 3  
  196  13:06  Zerg Flyer Armor Level 1  
  196  13:10  Extractor  
  196  13:12  Hatchery  
  194  13:16  Extractor  
  193  13:47  Drone x3  
  193  13:48  Drone  
  149  14:30  Corruptor x4  
  149  14:31  Corruptor x7  
  157  14:32  Corruptor  
  157  14:33  Ultralisk  
  157  14:34  Ultralisk x3  
  157  14:35  Zergling x2  
  194  15:02  Zergling x2  
  194  15:03  Zergling x10  
  200  15:09  Zerg Flyer Armor Level 2  
  200  15:37  Chitinous Plating  
  200  15:39  Centrifical Hooks  
  199  16:30  Greater Spire  
  197  16:55  Spine Crawler  
  197  16:56  Anabolic Synthesis  
  197  16:57  Spine Crawler x2  
  197  17:00  Spore Crawler  
  197  17:01  Spore Crawler  
  192  17:02  Spine Crawler  
  192  17:03  Spine Crawler  
  192  17:05  Spore Crawler  
  192  17:06  Spine Crawler  
  188  17:08  Spore Crawler  
  180  17:39  Ultralisk x3  
  198  17:54  Spore Crawler  
  198  17:56  Spore Crawler  
  196  18:26  Extractor  
  194  18:28  Extractor  
  194  18:30  Hatchery  
Tags
 
Add a new tag
Caveats
  • Supply blocks, unpowered buildings, or Contaminate may cause inaccurate times.
  • Supply counts are checked every 10 seconds.